 Dungeon Crawl Stone Soup version 0.30.1-4-g462c640d31 (webtiles) character file.

Game seed: 1580914723915348078

41 croobank the Firebug (level 3, 0/27 HPs)
             Began as an Armataur Fire Elementalist on Aug 25, 2023.
             Slain by a giant cockroach (1 damage)
             ... on level 2 of the Dungeon.
             The game lasted 00:03:57 (1416 turns).

croobank the Firebug (Armataur Fire Elementalist)   Turns: 1416, Time: 00:03:58

Health: 0/27       AC:  4    Str:  9 (13) XL:     3   Next: 32%
Magic:  5/6        EV:  9    Int: 13 (17) God:
Gold:   28         SH:  0    Dex:  8 (10) Spells: 1/6 levels left

rFire   . . .        d - +0 hand axe
rCold   . . .        (no shield)
rNeg    . . .        a - +0 robe
rPois   .            (no helmet)
rElec   .            (no cloak)
rCorr   .            (no gloves)
SInv    .            (no barding)
Will    .....        j - amulet of magic regeneration
Stlth   ++           (no ring)
HPRegen 0.24/turn    (no ring)
MPRegen 0.50/turn

%: roll
@: lethally poisoned (0 -> -5)
A: large, rugged brown scales 3, deformed body, armoured tail, roll, long
tongue, awkward tongue
a: no special abilities


You were on level 2 of the Dungeon.
You visited 1 branch of the dungeon, and saw 2 of its levels.

You collected 42 gold pieces.
You spent 14 gold pieces at shops.

Inventory:

Hand Weapons
 d - a +0 hand axe (weapon)
 f - a +0 dagger
Armour
 a - a +0 robe (worn)
Jewellery
 j - an amulet of magic regeneration (around neck)
Scrolls
 c - 2 scrolls of identify
 e - a scroll of torment
 g - a scroll of enchant armour {unknown}
 h - a scroll of amnesia {unknown}
 i - a scroll of summoning {unknown}
Potions
 b - a potion of magic


   Skills:
 + Level 0.0 Fighting
 + Level 1.7 Dodging
 + Level 2.8 Stealth
 + Level 2.1 Spellcasting
 + Level 1.4 Conjurations
 + Level 3.0 Fire Magic


You had one spell level left.
You knew the following spells:

 Your Spells              Type           Power      Damage    Failure   Level
a - Foxfire               Conj/Fire      28%        2x1d5     10%         1
b - Scorch                Fire           18%        2d6       11%         2
c - Wereblood             Tmut           1%         N/A       36%         2

Your spell library contained the following spells:

 Spells                   Type           Power      Damage    Failure   Level
 Inner Flame              Hex/Fire       5%         N/A       38%         3
 Volatile Blastmotes      Fire/Tloc      10%        2d10      38%         3
 Spider Form              Tmut/Pois      1%         N/A       58%         3
 Flame Wave               Conj/Fire      7%         2d5       69%         4
 Olgreb's Toxic Radiance  Pois           1%         N/A       94%         4
 Eringya's Noxious Bog    Tmut/Pois      0%         N/A       100%        6


Dungeon Overview and Level Annotations

Branches:
Dungeon (2/15)

Altars:

Shops:
D:1 ???=!


Innate Abilities, Weirdness & Mutations

You are completely covered in rugged brown scales. (AC +3, +7% HP)
Armour fits poorly on your strangely shaped body.
You have a long armoured tail.
You roll when moving toward enemies. (Rampage)
Your long tongue fully drains potion bottles. (2x potion effects)
Your tongue gives you trouble enunciating. (1.5x scroll delay)


Message History

The adder barely misses you. The adder barely misses you.
The adder is no longer more vulnerable to fire.
You see here a blue potion.
The adder bites you. The adder bites you but does no damage.
You barely miss the adder.
Your tail-slap misses the adder.
The adder is lightly wounded.
The adder bites you.
You are poisoned.
The adder poisons you!
You closely miss the adder.
The adder is lightly wounded.
You hit the giant cockroach.
You feel sick. The adder bites you.
You are more poisoned.
The adder poisons you!
The giant cockroach bites you but does no damage.
The adder completely misses you.
You hit the adder.
The adder is heavily wounded.
You barely miss the giant cockroach.
You feel sick. The adder bites you.
You are more poisoned.
The adder poisons you! The giant cockroach bites you.
The adder bites you but does no damage. The giant cockroach closely misses you.
Your magical contamination has completely faded away.
It was a potion of degeneration.
There was something very wrong with that liquid.
You feel weakened.
You feel dopey.
You feel clumsy.
You slurp down every last drop of the potion of degeneration!
* * * LOW HITPOINT WARNING * * *
You feel sick. The adder bites you.
* * * LOW HITPOINT WARNING * * *
The giant cockroach bites you.
* * * LOW HITPOINT WARNING * * *
Casting: Scorch (safe; 11% risk of failure)
Confirm with . or Enter, or press ? or * to list all spells.
Flames lash the adder.
You kill the adder!
* * * LOW HITPOINT WARNING * * *
You feel sick. The goblin closely misses you. The giant cockroach bites you.
You die...

#.....#.##.##########
#.......##.# ##.#
#.....####.# #...
#........#.########.#
#......#.#...........
#......# ##########.#
#......# #..†
...#..g†!.############>#
.......B@................
.......################.#
...$... #...........#...
....... #...........##.#
.....B. #.............#.
....... #...........###.
....... #.....).....# #.
#....<......# .
#...........# .


You could see a giant cockroach and a goblin.

Vanquished Creatures
  An adder (D:2)
  2 dart slugs (D:1)
  A ball python (D:1)
  3 bats
  9 endoplasms
  A goblin (D:1)
  2 hobgoblins
  7 jackals (D:1)
  3 kobolds
  3 rats
32 creatures vanquished.

Notes
Turn   | Place    | Note
-------+----------+-------------------------------------------
     0 | D:1      | croobank the Armataur Fire Elementalist began the quest for
                  | the Orb.
     0 | D:1      | Reached XP level 1. HP: 14/14 MP: 3/3
   147 | D:1      | Reached skill level 1 in Conjurations
   271 | D:1      | Reached XP level 2. HP: 21/21 MP: 4/4
   279 | D:1      | Learned a level 2 spell: Scorch
   302 | D:1      | Found Disocroa's Distillery.
   576 | D:1      | Found Cuno's Jewellery Shoppe.
   587 | D:1      | Reached XP level 3. HP: 19/27 MP: 3/6
   615 | D:1      | Got Xiedwef's Guidebook on Infected Configuration
   619 | D:1      | Learned a level 2 spell: Wereblood
   741 | D:1      | Found Tiedyit's Magic Scroll Shop.
   750 | D:1      | Bought a scroll of noise for 14 gold pieces
   783 | D:1      | Found Varphoul's Magic Scroll Shoppe.
   791 | D:1      | Reached skill level 3 in Fire Magic
   821 | D:1      | Found Mulleah's Magic Scroll Boutique.
  1416 | D:2      | HP: 1/27 [poisoned by an adder]
  1416 | D:2      | Slain by a giant cockroach

Illustrated notes

Levels and vault maps discovered:
D:1:      amcnicky_arrival_abandoned_market, layout_loops_corners, serial_shops,
          shop, nicolae_shop_rolling_square, nicolae_shop_getting_attention,
          nicolae_shop_industrial_runoff, shop
D:2:      layout_basic, st_stairs_10, uniq_crazy_yiuf_cottage

Skill      XL: |  1  2  3 |
---------------+----------+-----
Conjurations   | 1 |  1.4
Spellcasting   | 2 |  2.1
Fire Magic     | 3 |  3.0
Dodging        | |  1.7
Stealth        | |  2.8

Action                     || total
---------------------------++-------
  Melee: Hand axe          ||    78
         Tailslap          ||    12
         Punch             ||     1
   Cast: Scorch            ||     8
    Use: Scroll            ||     2
         Potion            ||     1
   Stab: Sleeping          ||     8
 Armour: Robe              ||    38
  Dodge: Dodged            ||    46
